 Dungeon Crawl Stone Soup version 0.28.0-43-g3370ac3207 (webtiles) character file.

Game seed: 15493512702383273527

175 Ablot the Grasshopper (level 5, -3/43 HPs)
             Began as a Gnoll Warper on Mar 14, 2022.
             Slain by an ogre
             ... wielding a +0 giant spiked club
              (29 damage)
             ... on level 2 of the Dungeon.
             The game lasted 00:02:35 (2593 turns).

Ablot the Grasshopper (Gnoll Warper)                Turns: 2593, Time: 00:02:36

Health: -3/43      AC:  6    Str: 13    XL:     5   Next: 55%
Magic:  11/12      EV: 11    Int: 12    God:
Gold:   127        SH:  0    Dex: 11    Spells: 12/14 levels left

rFire   . . .      SeeInvis .   a - +0 spear
rCold   + . .      Faith    .   (no shield)
rNeg    . . .      Spirit   .   g - +1 ring mail {rC+}
rPois   .          Reflect  .   (no helmet)
rElec   .          Harm     .   (no cloak)
rCorr   .          Rampage  .   (no gloves)
Will    .....                   (no boots)
Stlth   +.........              (no amulet)
HPRegen 0.14/turn               (no ring)
MPRegen 0.13/turn               (no ring)

@: studying Staves
A: fangs 1, strong nose, distributed training
a: no special abilities


You were on level 2 of the Dungeon.
You visited 1 branch of the dungeon, and saw 3 of its levels.

You collected 127 gold pieces.

Inventory:

Hand Weapons
 a - a +0 spear (weapon)
Missiles
 d - 3 boomerangs of dispersal (quivered)
 j - 58 stones
 l - 61 arrows
 m - 28 sling bullets
Armour
 b - a +0 leather armour
 g - a +1 ring mail of cold resistance (worn)
Scrolls
 c - a scroll of blinking
 f - 4 scrolls of teleportation {unknown}
 h - a scroll of immolation {unknown}
 i - a scroll of fear {unknown}
 k - a scroll of identify {unknown}
Potions
 e - a potion of curing {unknown}


   Skills:
 + Level 4.8 Fighting
 + Level 1.5 Short Blades
 + Level 1.5 Long Blades
 + Level 1.5 Axes
 + Level 1.5 Maces & Flails
 + Level 4.8 Polearms
 + Level 2.1 Staves
 + Level 1.5 Slings
 + Level 1.5 Bows
 + Level 1.5 Crossbows
 + Level 3.0 Throwing
 + Level 3.0 Armour
 + Level 4.8 Dodging
 + Level 1.5 Stealth
 + Level 1.5 Shields
 + Level 1.5 Unarmed Combat
 + Level 5.2 Spellcasting
 + Level 1.2 Conjurations
 + Level 1.2 Hexes
 + Level 1.2 Summonings
 + Level 1.2 Necromancy
 + Level 5.5 Translocations
 + Level 1.2 Transmutations
 + Level 1.2 Fire Magic
 + Level 1.2 Ice Magic
 + Level 1.2 Air Magic
 + Level 1.2 Earth Magic
 + Level 1.2 Poison Magic
 + Level 1.7 Invocations
 + Level 1.5 Evocations


You had 12 spell levels left.
You knew the following spells:

 Your Spells              Type           Power      Damage    Failure   Level
a - Blink                 Tloc           32%        N/A       6%          2

Your spell library contained the following spells:

 Spells                   Type           Power      Damage    Failure   Level
 Gell's Gravitas          Tloc           16%        N/A       12%         3
 Lesser Beckoning         Tloc           16%        N/A       12%         3
 Teleport Other           Tloc           16%        N/A       12%         3
 Manifold Assault         Tloc           16%        N/A       75%         5


Dungeon Overview and Level Annotations

Branches:
Dungeon (3/15)

Altars:


Innate Abilities, Weirdness & Mutations

You have very sharp teeth.
Your uncanny sense of smell can sniff out nearby items.
Your experience applies equally to all skills.


Message History

There is a stone staircase leading up here.
The ogre hits you with a +0 giant spiked club!
The rat bites you.
You climb upwards.
There is a stone staircase leading down here.
Unknown command.
You can't go up here!
Casting: Blink (safe; 6% risk of failure)
Confirm with . or Enter, or press ? or * to list all spells.
You blink.
Unknown command.
Throw: 4 darts (poison)
Press: ? - help, Q - select action, (/) - cycle Shift-Dir - straight line, f - ogre
Aim: an ogre, wielding a +0 giant spiked club (74% to hit)
You throw a poisoned dart. The poisoned dart hits the ogre.
Unknown command.
Throw: 3 darts (poison)
Press: ? - help, Q - select action, (/) - cycle Shift-Dir - straight line, f/p - ogre
Aim: an ogre, wielding a +0 giant spiked club (74% to hit)
You throw a poisoned dart.
The poisoned dart barely misses the ogre.
The rat twitches its whiskers.
Throw: 2 darts (poison)
Press: ? - help, Q - select action, (/) - cycle Shift-Dir - straight line, f/p - ogre
Aim: an ogre, wielding a +0 giant spiked club (74% to hit)
You throw a poisoned dart. The poisoned dart hits the ogre.
The ogre is poisoned.
Unknown command.
Throw: dart (poison)
Press: ? - help, Q - select action, (/) - cycle Shift-Dir - straight line, f/p - ogre
Aim: an ogre, wielding a +0 giant spiked club (poisoned, 74% to hit)
You throw a poisoned dart. The poisoned dart hits the ogre.
The ogre looks even sicker.
You feel stable enough to blink again.
The ogre looks more healthy.
You hit the ogre.
The ogre is moderately wounded.
The ogre hits you with a +0 giant spiked club!!
Ouch! That really hurt!
You die...

#.....######
##.###..)...# ##.##
#.####.# ..## #......#
#.# #.####.# #.#####.#
#.# #.>.....####^#
####(.(......##########
..##..######..rO@.....#
#.##..# ##########.#
#.....# #.# #####.# #.#
#.# #########.# #.#
#.........# #.#
#.######### #.# #.# #.#
#.#


You could see an ogre and a rat.

Vanquished Creatures
  A black bear (D:2)
  3 adders (D:2)
  A dart slug (D:1)
  5 bats
  8 endoplasms
  3 giant cockroaches (D:1)
  8 goblins
  3 hobgoblins
  4 jackals (D:1)
  A quokka (D:1)
  3 ball pythons
  A frilled lizard (D:1)
  2 kobolds
  4 rats
47 creatures vanquished.

Notes
Turn   | Place    | Note
-------+----------+-------------------------------------------
     0 | D:1      | Ablot the Gnoll Warper began the quest for the Orb.
     0 | D:1      | Reached XP level 1. HP: 20/20 MP: 6/6
   115 | D:1      | Reached XP level 2. HP: 23/26 MP: 7/7
   461 | D:1      | Reached XP level 3. HP: 27/31 MP: 9/9
   468 | D:1      | Reached skill level 5 in Spellcasting
   471 | D:1      | Learned a level 2 spell: Blink
   835 | D:1      | Found a faded altar of an unknown god.
   940 | D:1      | Reached skill level 1 in Invocations
  1111 | D:2      | Reached skill level 1 in Staves
  1197 | D:2      | Reached skill level 1 in Short Blades
  1197 | D:2      | Reached skill level 1 in Long Blades
  1197 | D:2      | Reached skill level 1 in Axes
  1197 | D:2      | Reached skill level 1 in Maces & Flails
  1197 | D:2      | Reached skill level 1 in Slings
  1197 | D:2      | Reached skill level 1 in Bows
  1197 | D:2      | Reached skill level 1 in Crossbows
  1197 | D:2      | Reached skill level 1 in Stealth
  1197 | D:2      | Reached skill level 1 in Shields
  1197 | D:2      | Reached skill level 1 in Unarmed Combat
  1197 | D:2      | Reached skill level 1 in Evocations
  1400 | D:2      | Reached XP level 4. HP: 36/38 MP: 11/11
  2257 | D:3      | Noticed a black bear
  2291 | D:2      | Killed a black bear
  2292 | D:2      | Reached skill level 1 in Conjurations
  2292 | D:2      | Reached skill level 1 in Hexes
  2292 | D:2      | Reached skill level 1 in Summonings
  2292 | D:2      | Reached skill level 1 in Necromancy
  2292 | D:2      | Reached skill level 1 in Transmutations
  2292 | D:2      | Reached skill level 1 in Fire Magic
  2292 | D:2      | Reached skill level 1 in Ice Magic
  2292 | D:2      | Reached skill level 1 in Air Magic
  2292 | D:2      | Reached skill level 1 in Earth Magic
  2292 | D:2      | Reached skill level 1 in Poison Magic
  2292 | D:2      | Reached XP level 5. HP: 11/43 MP: 12/12
  2577 | D:3      | Noticed an ogre
  2593 | D:2      | Slain by an ogre

Illustrated notes

Levels and vault maps discovered:
D:1:      matt_arrival_refuge, layout_rooms, chequers_ecumenical_altar_grove,
          minmay_three_crescents
D:2:      layout_loops_ring
D:3:      layout_loops_ring

Skill      XL: |  1  2  3  4 |
---------------+-------------+-----
Spellcasting   | 5 |  5.2
Invocations    | 1 |  1.7
Staves         | 1 2 |  2.1
Short Blades   | 1 |  1.5
Long Blades    | 1 |  1.5
Axes           | 1 |  1.5
Maces & Flails | 1 |  1.5
Slings         | 1 |  1.5
Bows           | 1 |  1.5
Crossbows      | 1 |  1.5
Stealth        | 1 |  1.5
Shields        | 1 |  1.5
Unarmed Combat | 1 |  1.5
Evocations     | 1 |  1.5
Throwing       | 3 |  3.0
Armour         | 3 |  3.0
Conjurations   | 1 |  1.2
Hexes          | 1 |  1.2
Summonings     | 1 |  1.2
Necromancy     | 1 |  1.2
Transmutations | 1 |  1.2
Fire Magic     | 1 |  1.2
Ice Magic      | 1 |  1.2
Air Magic      | 1 |  1.2
Earth Magic    | 1 |  1.2
Poison Magic   | 1 |  1.2
Fighting       | |  4.8
Polearms       | |  4.8
Dodging        | |  4.8
Translocations | |  5.5

Action                   |  1- 3 |  4- 6 || total
-------------------------+-------+-------++-------
Melee: Spear             |   145 |    45 ||   190
       Bite              |     9 |     3 ||    12
Throw: Dart              |       |    11 ||    11
       Boomerang         |       |     2 ||     2
 Cast: Blink             |       |     2 ||     2
Armor: Leather armour    |     9 |       ||     9
       Ring mail         |    26 |    16 ||    42
Dodge: Dodged            |    64 |    40 ||   104
